 Dungeon Crawl Stone Soup version 0.19-a0-687-g35db334 (webtiles) character file.

43 LORDOFBUTT the Skirmisher (level 3, -6/29 HPs)
             Began as a Mummy Chaos Knight on June 19, 2016.
             Mangled by a meliai
             ... wielding a +2 hand axe of electrocution
              (11 damage)
             ... on level 1 of the Dungeon.
             The game lasted 00:02:32 (5264 turns).

LORDOFBUTT the Skirmisher (Mummy Chaos Knight)      Turns: 5264, Time: 00:02:34

Health: -6/29      AC:  6    Str: 15    XL:     3   Next: 37%
Magic:  3/3        EV: 11    Int: 11    God:    Xom [......]
Gold:   23         SH:  0    Dex: 12    Spells: 0 memorised, 2 levels left

rFire  x . .     SeeInvis .     a - +0 short sword (chaos)
rCold  + . .     Gourm    .     b - +2 leather armour
rNeg   + + +     Faith    .     (no shield)
rPois  ∞         Spirit   .     (no helmet)
rElec  .         Dismiss  .     (no cloak)
rCorr  .         Reflect  .     d - +0 pair of gloves (curse)
SustAt .         Harm     .     (no boots)
MR     .....                    (no amulet)
Stlth  +.........               (no ring)
                                (no ring)

@: not resistant to hostile enchantments, very unstealthy
A: no food or potions, fire vulnerability, cold resistance 1, negative energy
resistance 3, torment resistance, unbreathing
a: Renounce Religion


You were on level 1 of the Dungeon.
You worshipped Xom.
You were a very special plaything of Xom.
You were not hungry.

You visited 1 branch of the dungeon, and saw 1 of its levels.

You collected 23 gold pieces.

Inventory:

Hand Weapons
 a - a +0 short sword of chaos (weapon)
Armour
 b - a +2 leather armour (worn)
 d - a cursed +0 pair of gloves (worn)
Scrolls
 c - a scroll of identify {unknown}


   Skills:
 + Level 3.4 Fighting
 + Level 2.8 Short Blades
 + Level 2.0 Armour
 + Level 1.0 Dodging
 + Level 0.6 Stealth


You had 2 spell levels left.
You didn't know any spells.

Dungeon Overview and Level Annotations

Branches:
Dungeon (1/15)

Altars:


Innate Abilities, Weirdness & Mutations

You do not eat or drink.
Your flesh is vulnerable to fire.
You are immune to poison.
Your flesh is cold resistant. (rC+)
You are immune to negative energy. (rN+++)
You are immune to unholy pain and torment.
You can survive without breathing.


Message History

No target in view!
No target in view!
Things that are here:
a club; a hobgoblin corpse No target in view!
No target in view!
You now have 23 gold pieces (gained 4).
A kobold and 2 meliai come into view.
A meliai is wielding a hand axe of electrocution.
The meliai buzzes angrily. x2; The kobold shouts!
The meliai invokes the aid of its god against you.
Something smites you!
You see here a scroll labeled BIV LYLUBA.
The meliai hits you with a hand axe!
* * * LOW HITPOINT WARNING * * *
The meliai barely misses you.
The kobold throws a stone.
The stone barely misses you. The meliai closely misses you. x2
The meliai hits you with a hand axe of electrocution!
You die...
Xom titters!

....###.# ....#......
....# #.########## ##
###....## ....#
#..........# .....##
....# #..........#
....... ....#
#..........# ∆ .......
....# #..........# ###
#....
.......?........#####.#
....#.#
####.....##....y#.....#
# # # #.....
#!...y@?#.#.#########.#
######
#....y................#
##+##.............#####
#.#.#.#....##.#
#.#.#.#.##.##.#
##.#.#.........#
....K#.#.#..####
#..#.#.#)#..#
###?...#%#.#..#


You could see 3 meliai and a kobold.

Vanquished Creatures
  An adder (D:1)
  A worm (D:1)
  2 dart slugs (D:1)
  A giant gecko (D:1)
  2 goblins (D:1)
  3 hobgoblins (D:1)
  3 jackals (D:1)
  3 kobolds (D:1)
  5 bats (D:1)
  2 giant newts (D:1)
  6 rats (D:1)
29 creatures vanquished.

Notes
Turn   | Place    | Note
--------------------------------------------------------------
     0 | D:1      | LORDOFBUTT the Mummy Chaos Knight began the quest for the Orb.
     0 | D:1      | Reached XP level 1. HP: 18/18 MP: 1/1
   267 | D:1      | XOM: harmless Ice miscast
   954 | D:1      | XOM: divination: detect items
  1010 | D:1      | Reached XP level 2. HP: 14/24 MP: 2/2
  1185 | D:1      | XOM: 8-stop teleportation journey
  1454 | D:1      | XOM: 4-stop teleportation journey
  1762 | D:1      | XOM: 5-stop teleportation journey
  2898 | D:1      | XOM: harmless Summ miscast
  2990 | D:1      | Reached skill level 1 in Dodging
  3486 | D:1      | XOM: severe Hex miscast
  4338 | D:1      | XOM: harmless Tloc miscast
  4353 | D:1      | XOM: mild Air miscast
  4608 | D:1      | Reached XP level 3. HP: 22/29 MP: 3/3
  4789 | D:1      | XOM: medium Fire miscast
  4872 | D:1      | XOM: mild Hex miscast
  5233 | D:1      | XOM: 3-stop teleportation journey
  5246 | D:1      | Noticed a meliai
  5263 | D:1      | Noticed a meliai
  5263 | D:1      | Noticed a meliai
  5264 | D:1      | Mangled by a meliai

Vault maps used:
D:1:      mrwooster_arrival_statue_2

Skill      XL: |  1  2 |
---------------+-------+-----
Dodging        | 1 |  1.0
Armour         | 2 |  2.0
Fighting       | |  3.4
Short Blades   | |  2.8
Stealth        | |  0.6

Action                   || total
-------------------------++-------
Melee: Short sword       ||    81
 Stab: Sleeping          ||     1
Armor: Leather armour    ||    34
Dodge: Dodged            ||    56
